AoeStats
← kichakick98

Nomad

506099064Analyzed
4v4 RM · 18d ago on Sep 12, 2026· 60m 39s· 8 players
Game mode
Random Map
Map size
231×231
Population
200
Speed
Normal
Resources
Standard
Victory
Conquest
Starting age
Dark Age
Ending age
Imperial Age
RankedLock teamsTeams togetherTeam positionsShared explorationLock speedFull tech treeHidden civsTurbo modeCheats
Victory
Defeat
🇦🇺 Wei · Australia
962
+15
🇦🇺 Vietnamese · Australia
955
+15
🇬🇧 Britons · United Kingdom
896
+51
🇬🇧 Lithuanians · United Kingdom
818
+20
🇨🇳 Spanish · China
1005
-20
🇬🇧 Gurjaras · United Kingdom
939
-17
🇨🇳 Huns · China
935
-17
🇮🇳 Franks · India
861
-14
kichakick98
15:32 Feudal Age
16:01 Double-Bit Axe
17:43 Wheelbarrow
17:50 Fishing Lines
19:31 Gold Mining
22:11 Castle Age
20:01 Loom
20:02 Town Watch
20:47 Stone Mining
21:58 Scale Barding Armor
22:04 Forging
23:47 Bow Saw
24:41 Gold Shaft Mining
26:58 Iron Casting
26:43 Chain Barding Armor
27:48 Husbandry
30:26 Hand Cart
32:56 Light Cavalry
41:27 Caravan
45:30 Imperial Age
45:02 Fortified Wall
46:46 Chivalry
46:30 Cavalier
1829032
4:46 Loom
14:45 Feudal Age
15:52 Double-Bit Axe
17:16 Horse Collar
19:58 Fletching
20:11 Padded Archer Armor
26:09 Castle Age
24:47 Forging
24:36 Gold Mining
30:07 Stone Mining
31:02 Wheelbarrow
31:03 Murder Holes
40:35 Imperial Age
观音的害怕
Horahlooks
7:02 Loom
17:09 Feudal Age
22:08 Castle Age
20:39 Scale Barding Armor
21:07 Forging
22:06 Double-Bit Axe
22:45 Bloodlines
24:34 Horse Collar
28:56 Wheelbarrow
31:37 Bow Saw
32:32 Chain Barding Armor
33:11 Husbandry
33:33 Town Watch
36:52 Gold Mining
37:32 Hand Cart
38:45 Iron Casting
42:19 Imperial Age
39:52 Heavy Plow
40:36 Light Cavalry
42:58 Kshatriyas
43:05 Fishing Lines
44:17 Plate Barding Armor
43:22 Heavy Camel Rider
44:42 Conscription
45:08 Conscription
46:13 Chemistry
47:24 Gold Shaft Mining
47:23 Thumb Ring
47:14 Fletching
47:24 Padded Archer Armor
48:21 Sanctity
48:26 Illumination
49:58 Bodkin Arrow
52:51 Fortified Wall
58:04 Bracer
Seen Bean
4:34 Loom
14:23 Feudal Age
15:11 Horse Collar
15:51 Gold Mining
19:55 Castle Age
18:25 Double-Bit Axe
18:40 Stone Mining
20:56 Bow Saw
20:49 Heavy Plow
21:32 Medium Warships
22:59 Fletching
24:46 Wheelbarrow
30:27 Scale Barding Armor
32:03 Bodkin Arrow
35:11 Chain Barding Armor
37:33 Sanctity
38:46 Pikeman
39:29 Scale Mail Armor
39:45 Forging
45:06 Iron Casting
47:43 Imperial Age
54:06 Blast Furnace
Gingeskhan
16:23 Feudal Age
18:24 Wheelbarrow
19:49 Double-Bit Axe
29:25 Castle Age
27:55 Fishing Lines
28:29 Padded Archer Armor
28:20 Fletching
30:36 Hand Cart
30:26 Stone Mining
30:29 Gold Mining
34:31 Pikeman
38:21 Scale Mail Armor
44:35 Bow Saw
47:58 Fortified Wall
47:45 Murder Holes
51:21 Leather Archer Armor
51:02 Bodkin Arrow
53:19 Gold Shaft Mining
52:34 Loom
52:35 Town Watch
60:49 Imperial Age
58:28 Devotion
60:08 Squires
59:57 Gambesons
60:02 Arson
60:29 Scale Barding Armor
60:39 Chain Mail Armor
60:34 Forging
60:41 Clinker Construction
60:43 Masonry
60:55 Ballistics
legnA
16:24 Loom
19:07 Feudal Age
19:37 Double-Bit Axe
21:45 Horse Collar
24:32 Castle Age
22:56 Bloodlines
25:09 Scale Barding Armor
25:04 Scale Mail Armor
25:15 Forging
25:58 Bow Saw
26:24 Light Cavalry
27:06 Husbandry
27:55 Fishing Lines
30:33 Chain Mail Armor
37:03 Pikeman
38:48 Squires
39:20 Gold Mining
44:19 Chain Barding Armor
44:34 Iron Casting
45:15 Stone Mining
48:44 Imperial Age
49:16 Capped Ram
50:32 Cavalier
51:12 Halberdier
53:59 Wheelbarrow
53:09 Town Watch
54:56 Elite Leitis
56:42 Conscription
57:04 Paladin
59:16 Ballistics
59:57 Chemistry
59:08 Arson
60:29 Plate Barding Armor
GOYmaxxer9000
15:59 Feudal Age
17:53 Wheelbarrow
20:25 Castle Age
24:27 Horse Collar
25:46 Hand Cart
25:17 Loom
28:49 Town Watch
31:39 Scale Mail Armor
35:23 Pikeman
40:42 Imperial Age
41:37 Double-Bit Axe
41:55 Heavy Plow
41:58 Gold Mining
41:58 Stone Mining
42:32 Ballistics
43:13 Chemistry
42:09 Murder Holes
47:11 Chatras
47:32 Paper Money
47:22 Scale Barding Armor
47:28 Forging
47:09 Fletching
47:19 Padded Archer Armor
48:01 Elite Rattan Archer
49:08 Elite Battle Elephant
51:04 Bloodlines
50:55 Husbandry
52:18 Bodkin Arrow
53:55 Treadmill Crane
54:29 Bracer
54:45 Leather Archer Armor
55:48 Bow Saw
56:41 Ring Archer Armor
59:49 Elite Fire Lancer
60:30 Squires
61:25 Chain Barding Armor
61:21 Chain Mail Armor
61:41 Iron Casting
Connection lost

Rejoining the realm…

Still unreachable

The connection could not be restored.

Session expired

The server has moved on; the page needs a fresh start.